 Dungeon Crawl Stone Soup version 0.28-b1-25-g9875b3fc8c (webtiles) character file.

Game seed: 4351764182718620718

2722 fragbeetle the Basher (level 9, 0/80 HPs)
             Began as a Troll Berserker on Feb 2, 2022.
             Was a Believer of Trog.
             Slain by a killer bee (3 damage)
             ... on level 7 of the Dungeon.
             The game lasted 00:12:24 (5412 turns).

fragbeetle the Basher (Troll Berserker)             Turns: 5412, Time: 00:12:24

Health: 0/80       AC:  4    Str: 27    XL:     9   Next: 39%
Magic:  8/8        EV: 10    Int:  5    God:    Trog [**....]
Gold:   247        SH:  0    Dex: 11    Spells: 8/8 levels left

rFire   . . .      SeeInvis .   t - +1 flail (protect)
rCold   . . .      Faith    .   (no shield)
rNeg    . . .      Spirit   .   b - +0 animal skin
rPois   .          Reflect  .   (helmet restricted)
rElec   .          Harm     .   (no cloak)
rCorr   .          Rampage  .   (gloves unavailable)
Will    .....                   (boots unavailable)
Stlth   +.........              (no amulet)
HPRegen 1.03/turn               h - ring of flight
MPRegen 0.11/turn               (no ring)

@: on berserk cooldown, attractive, flying, slowed, very slow
A: large, unfitting armour, claws 3, regeneration 1, shaggy fur 1, tough skin 1
a: Renounce Religion, Berserk, Trog's Hand


You were on level 7 of the Dungeon.
You worshipped Trog.
Trog was pleased with you.
You visited 2 branches of the dungeon, and saw 8 of its levels.

You collected 247 gold pieces.

Inventory:

Hand Weapons
 n - a +1 whip of freezing
 t - a +1 flail of protection (weapon)
 w - a +1 whip of holy wrath
Missiles
 o - 3 poisoned darts (quivered)
 u - 3 boomerangs
Armour
 b - a +0 animal skin (worn)
Jewellery
 g - a ring of positive energy
 h - a ring of flight (left claw)
 q - the amulet "Lucoet" {Reflect Rampage Str+2 SH+5}
   (You found it on level 5 of the Dungeon)

   [amulet of reflection]

   It reflects blocked missile attacks.
   Str:       It affects your strength (+2).
   SH:        It affects your SH (+5).
   Rampage:   It bestows one free step when moving towards enemies.
Scrolls
 c - 2 scrolls of vulnerability {unknown}
 e - 6 scrolls of identify {unknown}
 f - 5 scrolls of teleportation {unknown}
 i - a scroll of enchant armour {unknown}
 k - 4 scrolls of immolation {unknown}
 p - a scroll of torment {unknown}
 r - a scroll of fog {unknown}
 v - a scroll of noise {unknown}
 x - a scroll of amnesia {unknown}
Potions
 a - 2 potions of mutation {unknown}
 d - a potion of curing {unknown}
 j - 2 potions of degeneration {unknown}
 l - a potion of flight
 m - 2 potions of heal wounds
 s - 3 potions of attraction


   Skills:
 - Level 2.7 Fighting
 * Level 11.3 Maces & Flails
 * Level 3.6 Throwing
 - Level 3.0 Dodging


You had 8 spell levels left.
You didn't know any spells.
Your spell library was empty.

Dungeon Overview and Level Annotations

Branches:
Dungeon (7/15)             Temple (1/1) D:4

Altars:
Ashenzari
Cheibriados
Dithmenos
Elyvilon
Fedhas
Gozag
Hepliaklqana
Kikubaaqudgha
Makhleb
Nemelex Xobeh
Okawaru
Qazlal
Ru
Sif Muna
Trog
Vehumet
Wu Jian
Xom
Yredelemnul
Zin
The Shining One

Annotations:
D:4 3 runed translucent doors, lordive's ghost, amateur GrEE


Innate Abilities, Weirdness & Mutations

You are too large for most types of armour.
You have claws for hands.
Your natural rate of healing is unusually fast.
You are covered in fur. (AC +1)
You have tough skin. (AC +1)


Message History

You closely miss the killer bee.
The killer bee is heavily wounded.
You feel sick. The killer bee completely misses you. The killer bee misses you.
You closely miss the killer bee.
The killer bee is heavily wounded.
You feel sick.
The killer bee stings you but does no damage.
The killer bee closely misses you.
The killer bee stings you but does no damage.
Your skin crawls.
You feel strong-willed.
You feel the effects of Trog's Hand fading.
You feel sick.
The killer bee completely misses you. x2
The killer bee stings you.
* * * LOW HITPOINT WARNING * * *
Unknown command.
You miss the killer bee.
The killer bee is heavily wounded.
You feel sick. The killer bee stings you.
* * * LOW HITPOINT WARNING * * *
The killer bee barely misses you.
You barely miss the killer bee.
The killer bee is heavily wounded.
You feel sick. The killer bee closely misses you.
The killer bee barely misses you. The killer bee stings you.
* * * LOW HITPOINT WARNING * * *
It was a potion of flight.
You feel more buoyant.
You feel sick.
You are no longer poisoned.
The killer bee stings you.
* * * LOW HITPOINT WARNING * * *
The killer bee stings you but does no damage. x2
Unknown command.
It was a potion of attraction.
You feel attractive to monsters.
Your skin stops crawling.
You feel less strong-willed. The killer bee barely misses you.
The killer bee closely misses you. The killer bee stings you.
You die...

#. .....[.)#
#.#######..# #.#
#..# ..# #..#
#.# #..# #.#
#..##### #.####
#......#
#....####.####.#
#[##..y@..# #.#
#.######### #.#
#y# #.#


yy# #.# .## #.# #: #.# #. #.# #.# #.# #.# #.# You could see a killer bee.

Vanquished Creatures
  Pikel (D:5)
  Grinder (D:5)
  Sigmund (D:4)
  A steam dragon (D:6)
  Edmund (D:4)
  Duvessa (D:4)
  3 black bears
  2 necrophages
  A centaur (D:7)
  A phantom (D:6)
  4 lemures (D:5)
  A bullfrog (D:7)
  A scorpion (D:4)
  Dowan (D:4)
  2 water moccasin skeletons (D:5)
  4 killer bees (D:7)
  A crimson imp (D:5)
  3 hounds
  A jelly (D:6)
  2 bullfrog skeletons (D:5)
  An orc priest (D:5)
  A centaur skeleton (D:6)
  An iguana (D:6)
  A hound zombie (D:5)
  3 gnolls (D:3)
  5 adders
  2 shadow imps (D:6)
  2 white imps (D:6)
  An ufetubus (D:5)
  5 worms
  22 orcs
  4 bats
  5 endoplasms
  4 giant cockroaches
  6 goblins
  12 hobgoblins
  4 jackals (D:3)
  5 quokkas
  7 ball pythons
  A frilled lizard (D:1)
  4 kobolds
  A quokka skeleton (D:4)
  5 rats
135 creatures vanquished.

Vanquished Creatures (others)
  A bush (D:6)
  64 plants
65 creatures vanquished.

Grand Total: 200 creatures vanquished

Notes
Turn   | Place    | Note
-------+----------+-------------------------------------------
     0 | D:1      | fragbeetle the Troll Berserker began the quest for the Orb.
     0 | D:1      | Reached XP level 1. HP: 22/22 MP: 0/0
   328 | D:1      | Found a faded altar of an unknown god.
   347 | D:1      | Reached skill level 3 in Maces & Flails
   353 | D:1      | Reached XP level 2. HP: 29/29 MP: 1/1
   995 | D:2      | Reached XP level 3. HP: 36/36 MP: 2/2
  1220 | D:2      | Reached ** piety under Trog
  1807 | D:2      | Reached XP level 4. HP: 23/44 MP: 3/3
  2064 | D:3      | Reached skill level 4 in Maces & Flails
  2449 | D:4      | Noticed Sigmund
  2468 | D:4      | Killed Sigmund
  2469 | D:4      | Reached skill level 5 in Maces & Flails
  2469 | D:4      | Reached XP level 5. HP: 50/50 MP: 4/4
  2469 | D:4      | Reached XP level 6. HP: 59/59 MP: 5/5
  2561 | D:4      | Found a staircase to the Ecumenical Temple.
  2629 | D:4      | Reached skill level 6 in Maces & Flails
  2652 | D:4      | Noticed Edmund
  2665 | D:4      | Killed Edmund
  2914 | D:4      | Noticed Duvessa
  2915 | D:4      | Noticed Dowan
  2926 | D:4      | Killed Duvessa
  2927 | D:4      | Reached skill level 7 in Maces & Flails
  2927 | D:4      | Reached XP level 7. HP: 66/66 MP: 6/6
  2928 | D:4      | Killed Dowan
  3062 | D:4      | Found a runed translucent gate.
  3062 | D:4      | Found a runed translucent gate.
  3063 | D:4      | Found a runed translucent gate.
  3066 | D:4      | Noticed lordive's ghost (amateur GrEE)
  3306 | Temple   | Entered the Ecumenical Temple
  3495 | D:5      | Entered Level 5 of the Dungeon
  3625 | D:5      | Reached skill level 8 in Maces & Flails
  3705 | D:5      | Reached XP level 8. HP: 74/74 MP: 7/7
  3773 | D:5      | Found a shadowy altar of Dithmenos.
  3829 | D:5      | Reached skill level 9 in Maces & Flails
  3843 | D:5      | Noticed Grinder
  3870 | D:5      | Killed Grinder
  3977 | D:5      | Noticed Pikel
  4060 | D:5      | Killed Pikel
  4061 | D:5      | Reached skill level 10 in Maces & Flails
  4062 | D:5      | Found a burning altar of Makhleb.
  4312 | D:5      | Identified the amulet "Lucoet" {Reflect Rampage Str+2 SH+5}
  4365 | D:5      | Reached skill level 1 in Throwing
  4498 | D:6      | Reached XP level 9. HP: 80/80 MP: 8/8
  4548 | D:6      | Found a shimmering altar of Xom.
  4549 | D:6      | Found a shimmering altar of Xom.
  4550 | D:6      | Found a shimmering altar of Xom.
  4557 | D:6      | Found a shimmering altar of Xom.
  4566 | D:6      | Found a radiant altar of Vehumet.
  4779 | D:6      | Reached skill level 11 in Maces & Flails
  5041 | D:6      | Found a blossoming altar of Fedhas.
  5309 | D:7      | Reached *** piety under Trog
  5411 | D:7      | HP: 1/80 [killer bee (6)]
  5412 | D:7      | Slain by a killer bee

Illustrated notes

Levels and vault maps discovered:
D:1:      dpeg_arrival_brainrot, layout_basic,
          dreamdust_ecumenical_altar_angels_and_demons
D:2:      layout_basic, minmay_octomino_e4
D:3:      layout_basic, serial_bayou_lagoon_a
D:4:      minmay_skewed_foursquare, layout_basic, temple_doors_e,
          gammafunk_ghost_necromancy, uniq_edmund, uniq_duvessa, uniq_sigmund
D:5:      layout_basic, kennysheep_mini_moat, makhleb_grotto_becter,
          minivault_11, st_stairs_10, roderic_st_hans_cross, uniq_grinder,
          uniq_pikel
D:6:      layout_loops_ring, fedhas_altar_decomposition, fiery_altar_vehumet,
          xom_redecorated
D:7:      kennysheep_seaside_town, layout_loops_ring, nrook_mini_backslash
Temple:   nicolae_temple_elliptical

Skill      XL: |  1  2  3  4  5  6  7  8  9 |
---------------+----------------------------+-----
Maces & Flails | 3 5 7 8 10 11 | 11.3
Dodging        | 3 |  3.0
Throwing       | 1 3 |  3.6
Fighting       | |  2.7

Action                   |  1- 3 |  4- 6 |  7- 9 || total
-------------------------+-------+-------+-------++-------
Melee: Mace              |   119 |       |       ||   119
       Flail             |    33 |   114 |   307 ||   454
       Punch             |       |       |     7 ||     7
Throw: Dart              |       |       |     9 ||     9
Invok: Berserk           |     1 |     4 |     4 ||     9
       Trog's Hand       |       |     2 |     3 ||     5
  Use: Potion            |       |       |     3 ||     3
 Stab: Sleeping          |       |       |     1 ||     1
Armor: Animal skin       |    63 |    38 |   146 ||   247
Dodge: Dodged            |    89 |    74 |   163 ||   326
